 Dungeon Crawl Stone Soup version 0.29-a0-824-gd827844252 (webtiles) character file.

Game seed: 11822569327204906782

190 aragog94 the Slasher (level 5, -2/47 HPs)
             Began as a Minotaur Berserker on July 10, 2022.
             Was a Believer of Trog.
             Slain by a gnoll sergeant
             ... wielding a +4 trident of chaos
              (8 damage)
             ... on level 3 of the Dungeon on July 12, 2022.
             The game lasted 00:14:36 (3420 turns).

aragog94 the Slasher (Minotaur Berserker)           Turns: 3420, Time: 00:14:38

Health: -2/47      AC: 11    Str: 22    XL:     5   Next: 41%
Magic:  4/4        EV:  7    Int:  4    God:    Trog [**....]
Gold:   116        SH:  0    Dex: 11    Spells: 4/4 levels left

rFire   . . .      SeeInvis .   a - +0 falchion
rCold   . . .      Faith    .   (no shield)
rNeg    . . .      Spirit   .   i - +0 plate armour
rPois   .          Reflect  .   (helmet restricted)
rElec   .          Harm     .   (no cloak)
rCorr   .          Rampage  .   (no gloves)
Will    .....                   (no boots)
Stlth   ..........              (no amulet)
HPRegen 0.15/turn               (no ring)
MPRegen 0.09/turn               (no ring)

@: lethally poisoned (-2 -> -16)
A: horns 2, retaliatory headbutt
a: Renounce Religion, Berserk, Trog's Hand


You were on level 3 of the Dungeon.
You worshipped Trog.
Trog was pleased with you.
You visited 1 branch of the dungeon, and saw 3 of its levels.

You collected 116 gold pieces.

Inventory:

Hand Weapons
 a - a +0 falchion (weapon)
Armour
 b - a +0 animal skin
 i - a +0 plate armour (worn)
 p - a +0 helmet
Magical Staves
 v - a staff of cold
Jewellery
 m - a ring of ice
 n - a ring of positive energy
Wands
 s - a wand of flame (25)
Scrolls
 d - 2 scrolls of teleportation {unknown}
 g - a scroll of blinking {unknown}
 h - a scroll of poison {unknown}
 j - a scroll of immolation {unknown}
 l - 2 scrolls of amnesia {unknown}
 o - 2 scrolls of identify {unknown}
 q - a scroll of vulnerability {unknown}
 r - a scroll of enchant weapon {unknown}
 u - 2 scrolls of noise {unknown}
Potions
 c - a potion of degeneration {unknown}
 e - a potion of attraction {unknown}
 f - a potion of heal wounds {unknown}
 k - a potion of haste {unknown}
 t - a potion of lignification {unknown}


   Skills:
 + Level 4.8 Fighting
 + Level 5.8 Long Blades
 + Level 3.6 Armour
 + Level 2.6 Dodging


You had 4 spell levels left.
You didn't know any spells.
Your spell library contained the following spells:

 Spells                   Type           Power      Damage    Failure   Level
 Beastly Appendage        Tmut           0%         N/A       100%        1
 Blink                    Tloc           0%         N/A       100%        2
 Wereblood                Tmut           0%         N/A       100%        2
 Lesser Beckoning         Tloc           0%         N/A       100%        3
 Spider Form              Tmut/Pois      0%         N/A       100%        3
 Olgreb's Toxic Radiance  Pois           0%         N/A       100%        4
 Manifold Assault         Tloc           0%         N/A       100%        5
 Ozocubu's Refrigeration  Ice            0%         4d5       100%        7
 Ignition                 Fire           0%         3d3       100%        8


Dungeon Overview and Level Annotations

Branches:
Dungeon (3/15)

Altars:
Hepliaklqana
Kikubaaqudgha

Shops:
D:1 [

Annotations:
D:3 1 transporter, Lekart's ghost, amateur DrFi


Innate Abilities, Weirdness & Mutations

You have a pair of horns on your head.
You reflexively headbutt those who attack you in melee.


Message History

Why would you want to do that?
You enter the shallow water.
Moving in this stuff is going to be slow.
Why would you want to do that?
You see here a +0 sling.
Why would you want to do that?
You see here a +0 sling.
The gnoll sergeant shouts!
There is a transporter here.
You enter the transporter and appear at another place.
The gnoll hits you with a +0 spear.
You hit the gnoll.
The gnoll is moderately wounded.
The gnoll sergeant barely misses you.
The gnoll throws a throwing net.
The throwing net closely misses you. The gnoll hits you with a +0 spear.
You barely miss the gnoll.
The gnoll is moderately wounded.
The gnoll sergeant barely misses you. The gnoll hits you with a +0 spear.
You closely miss the gnoll.
The gnoll is moderately wounded.
The gnoll sergeant barely misses you. The gnoll barely misses you.
The gnoll hits you but does no damage.
You hit the gnoll.
The gnoll is heavily wounded.
The gnoll sergeant hits you from afar with a +4 trident of chaos!
The gnoll sergeant burns you.
The gnoll hits you from afar with a +1 halberd of venom.
The gnoll hits you but does no damage.
You closely miss the gnoll. Your punch misses the gnoll.
The gnoll is heavily wounded.
The gnoll sergeant hits you from afar with a +4 trident of chaos!
* * * LOW HITPOINT WARNING * * *
You are lethally poisoned!
The gnoll barely misses you. The gnoll hits you but does no damage.
You hit the gnoll but do no damage.
The gnoll is heavily wounded.
* * * LOW HITPOINT WARNING * * *
You feel very sick.
The gnoll sergeant hits you from afar with a +4 trident of chaos!
You die...

....≈≈≈≈≈≈≈≈≈≈≈...≈≈≈≈≈≈≈≈≈≈≈.#
##..≈≈≈≈≈≈≈≈≈≈≈...≈≈≈≈≈≈≈≈≈≈≈.#
#..≈≈#####...).......#####≈≈.#
#..≈≈#g..#.###.©.###.#...#≈≈.##
#..≈≈#...###.#####©###...#≈≈..#
##..≈≈###...............###≈≈..#
....≈≈.8#.##'###g######.#8.≈≈..#
....≈≈.##.#...#..8#...#.##.≈≈..#
###.≈≈.#..'...g.@⌠#gg.'..#.≈≈..#
#.≈≈.##.#...#.g8#...#.##.≈≈..#
###.≈≈.8#.##'###'######.#8.≈≈..#
#...≈≈###...............###≈≈..#
.(#.≈≈#...###.#####g###..g#≈≈..#
###.≈≈#W.g#.###.©.###.#...#≈≈..#
#.≈≈#####...........#####≈≈..#
#.≈≈≈≈≈≈≈≈≈≈≈≈≈≈≈≈≈≈≈≈≈≈≈≈≈..#
###.≈≈≈≈≈≈≈≈≈≈≈≈≈≈≈≈≈≈≈≈≈≈≈≈≈..#


You could see a gnoll sergeant and 2 gnolls.

Vanquished Creatures
  An orc priest (D:3)
  2 orc wizards (D:3)
  Robin (D:2)
  2 adders (D:2)
  A worm (D:3)
  3 dart slugs
  5 orcs (D:3)
  4 endoplasms
  3 giant cockroaches
  5 hobgoblins
  3 jackals (D:1)
  6 kobolds
  8 ball pythons
  7 bats
  11 goblins
  6 rats
68 creatures vanquished.

Vanquished Creatures (others)
  6 plants (D:3)
  7 withered plants (D:3)
13 creatures vanquished.

Grand Total: 81 creatures vanquished

Notes
Turn   | Place    | Note
-------+----------+-------------------------------------------
     0 | D:1      | aragog94 the Minotaur Berserker began the quest for the
                  | Orb.
     0 | D:1      | Reached XP level 1. HP: 19/19 MP: 0/0
   377 | D:1      | Found Gidisaf's Antique Armour Shoppe.
   452 | D:1      | Reached skill level 4 in Long Blades
   452 | D:1      | Reached XP level 2. HP: 26/27 MP: 1/1
  1249 | D:2      | Reached ** piety under Trog
  1261 | D:2      | Reached XP level 3. HP: 33/33 MP: 2/2
  1722 | D:2      | Noticed Robin
  1749 | D:2      | Killed Robin
  1750 | D:2      | Reached skill level 5 in Long Blades
  1750 | D:2      | Reached XP level 4. HP: 23/41 MP: 3/3
  2094 | D:2      | Found a faded altar of an unknown god.
  2524 | D:3      | Reached XP level 5. HP: 44/47 MP: 4/4
  2831 | D:3      | Noticed Lekart's ghost (amateur DrFi)
  2978 | D:3      | Found a transporter.
  2979 | D:3      | Found a transporter.
  3078 | D:3      | Found an ancient bone altar of Kikubaaqudgha.
  3193 | D:3      | Found a hazy altar of Hepliaklqana.
  3420 | D:3      | Slain by a gnoll sergeant

Illustrated notes

Levels and vault maps discovered:
D:1:      beargit_arrival_diablo_church, layout_loops_ring, serial_shops,
          shop_fountains, chequers_arboretum
D:2:      minmay_chambers_of_ones, layout_loops_corners,
          chequers_ecumenical_altar_grove, uniq_robin
D:3:      layout_loops_ring, nzn_hepliaklqana_mist_gate,
          kiku_gazebo_garden_becter, gammafunk_ghost_gnarly_gnolls

Skill      XL: |  1  2  3  4 |
---------------+-------------+-----
Long Blades    | 4 5 |  5.8
Fighting       | 4 |  4.8
Armour         | 3 |  3.6
Dodging        | |  2.6

Action                   |  1- 3 |  4- 6 || total
-------------------------+-------+-------++-------
Melee: Falchion          |    89 |    82 ||   171
       Headbutt          |    18 |    14 ||    32
       Punch             |     1 |       ||     1
Armor: Animal skin       |     8 |       ||     8
       Plate armour      |    52 |    38 ||    90
       Ring mail         |     2 |       ||     2
Dodge: Dodged            |    53 |    33 ||    86

Table legend: (Time is in decaauts)
 A = Elapsed time spent in this place.
 B = Non-inter-level travel time spent in this place.
 C = Inter-level travel time spent in this place.
 D = Time resting spent in this place.
 E = Time spent auto-exploring this place.
 F = Levels seen in this place.
 G = Mean time per level.
                   A        B        C        D        E       F      G
               +--------+--------+--------+--------+--------+-----+--------+
         Total |   3436 |   3436 |      0 |    407 |   2186 |   3 | 1145.3 |
       Dungeon |   3436 |   3436 |      0 |    407 |   2186 |   3 | 1145.3 |
               +--------+--------+--------+--------+--------+-----+--------+

Top non-repeatable levels by time:
     D:2: 1349 daAuts
     D:1: 1109 daAuts
     D:3: 977 daAuts
